 Dungeon Crawl Stone Soup version 0.29.1-1-gd02db6906a (webtiles) character file.

Game seed: 8839614609150067319

2135 mortz the Covert (level 9, -4/41 HPs)
             Began as a Spriggan Enchanter on Sept 17, 2022.
             Was an Initiate of Gozag.
             Killed from afar by a deep elf pyromancer (33 damage)
             ... with a bolt of fire
             ... on level 6 of the Dungeon.
             The game lasted 00:53:36 (8680 turns).

mortz the Covert (Spriggan Enchanter)               Turns: 8680, Time: 00:53:41

Health: -4/41      AC: 11    Str:  4    XL:     9   Next: 9%
Magic:  14/19      EV: 20    Int: 30    God:    Gozag
Gold:   832        SH:  0    Dex: 21    Spells: 9/20 levels left

rFire   . . .      SeeInvis +   b - +7 spear of Qafas {vorpal, rElec Int+7 Dex+2}
rCold   . . .      Faith    .   (no shield)
rNeg    . . .      Spirit   .   s - +2 animal skin
rPois   .          Reflect  .   (helmet restricted)
rElec   +          Harm     .   q - +2 cloak
rCorr   .          Rampage  .   (gloves unavailable)
Will    +....                   (boots unavailable)
Stlth   +++++.....              g - amulet of magic regeneration
HPRegen 0.13/turn               f - +6 ring of intelligence
MPRegen 0.56/turn               k - +4 ring of protection

@: very quick
A: very small, no large weapons, unfitting armour, see invisible, speed 3
a: Renounce Religion, Potion Petition, Call Merchant, Bribe Branch


You were on level 6 of the Dungeon.
You worshipped Gozag.
Gozag was pleased with you.
You visited 1 branch of the dungeon, and saw 6 of its levels.
You also visited: Ossuary.

You collected 916 gold pieces.
You paid 84 gold pieces to Gozag.

Inventory:

Hand Weapons
 a - a +1 dagger of protection
 b - the +7 spear of Qafas (weapon) {vorpal, rElec Int+7 Dex+2}
   (You found it on level 6 of the Dungeon)

   It inflicts extra damage upon your enemies.
   Int:       It affects your intelligence (+7).
   Dex:       It affects your dexterity (+2).
   rElec:     It insulates you from electricity.
 e - a +1 dagger of venom
 i - a +0 dagger
 H - a +0 dagger of holy wrath
 I - a +2 dagger of venom
Missiles
 u - 25 stones
 y - 11 poisoned darts (quivered)
Armour
 q - a +2 cloak (worn)
 s - a +2 animal skin (worn)
Magical Staves
 E - a staff of conjuration
Jewellery
 f - a +6 ring of intelligence (left hand)
 g - an amulet of magic regeneration (around neck)
 k - a +4 ring of protection (right hand)
 v - a ring of resist corrosion
 D - an amulet of guardian spirit
Wands
 n - a wand of flame (29)
 p - a wand of quicksilver (9)
 G - a wand of iceblast (9)
Scrolls
 j - a scroll of brand weapon
 x - 2 scrolls of teleportation
 F - a scroll of fear {unknown}
Potions
 c - 3 potions of invisibility
 d - 3 potions of mutation
 h - 2 potions of brilliance
 l - a potion of heal wounds
 m - 2 potions of degeneration {unknown}
 o - 2 potions of magic {unknown}
 r - a potion of berserk rage {unknown}
 t - a potion of haste {unknown}
 w - a potion of cancellation {unknown}
 z - a potion of resistance {unknown}
 A - a potion of attraction {unknown}
 B - 2 potions of flight {unknown}
 C - 3 potions of curing {unknown}


   Skills:
 + Level 1.5 Fighting
 + Level 4.5 Short Blades
 + Level 0.1 Polearms
 + Level 1.8 Throwing
 + Level 5.1 Dodging
 + Level 12.1 Stealth
 + Level 6.2 Spellcasting
 + Level 5.8 Hexes
 + Level 2.8 Ice Magic
 + Level 0.3 Evocations


You had 9 spell levels left.
You knew the following spells:

 Your Spells              Type           Power      Damage    Failure   Level
a - Ensorcelled Hibernat  Hex/Ice        70%        N/A       1%          2
b - Confusing Touch       Hex            44%        N/A       1%          3
c - Tukima's Dance        Hex            44%        N/A       1%          3
d - Dazzling Flash        Conj/Hex       52%        N/A       4%          3

Your spell library contained the following spells:

 Spells                   Type           Power      Damage    Failure   Level
 Gell's Gravitas          Tloc           9%         N/A       16%         3
 Lesser Beckoning         Tloc           9%         N/A       16%         3
 Spider Form              Tmut/Pois      9%         N/A       16%         3
 Teleport Other           Tloc           9%         N/A       16%         3
 Anguish                  Hex/Necr       13%        N/A       16%         4


Dungeon Overview and Level Annotations

Branches:
Dungeon (6/15) Zot: 26250 Ossuary (visited)
 Temple: D:4-7

Altars:
Gozag
Okawaru
Qazlal
Sif Muna

Shops:
D:5 [


Innate Abilities, Weirdness & Mutations

You are very small and have problems with some larger weapons.
You are too small for most types of armour.
You have supernaturally acute eyesight. (SInv)
You cover ground extremely quickly. (Speed+++)


Message History

As you read the scroll of teleportation, it crumbles to dust.
You feel strangely unstable.
The fire elemental disappears in a puff of smoke!
The fire elemental hits you. The fire elemental burns you!
The deep elf pyromancer misses you.
The deep elf pyromancer casts a spell.
The deep elf pyromancer blinks!
Your surroundings suddenly seem different.
You start resting.
HP restored.
Your +1 dagger of protection goes still.
You feel clever.
You feel agile.
b - the +7 spear of Qafas (weapon)
{vorpal, rElec Int+7 Dex+2}
Okay, then.
This spell is dangerous to cast!
Memorise Dazzling Flash, consuming 3 spell levels and leaving 9?
You start memorising the spell.
You continue memorising. x3
You finish memorising.
Spell assigned to 'd'.
You open the door.
There is an open door here.
There is an open gate here.
There is an open gate here.
The deep elf pyromancer shouts!
The deep elf pyromancer casts a spell.
Casting: Ensorcelled Hibernation (safe; 1% risk of failure)
Confirm with . or Enter, or press ? or * to list all spells.
Casting: Dazzling Flash (dangerous; 4% risk of failure)
Press: ? - help, Dir - look around, f - activate The fire elemental hits you.
The fire elemental burns you!
The deep elf pyromancer hits you but does no damage.
Casting: Dazzling Flash (dangerous; 4% risk of failure)
Confirm with . or Enter, or press ? or * to list all spells.
Casting: Dazzling Flash (dangerous; 4% risk of failure)
Press: ? - help, Dir - look around, f - activate The fire elemental hits you.
The fire elemental burns you!
The deep elf pyromancer gestures at you while chanting.
The bolt of fire hits you!!
Ouch! That really hurt!
You die...
Your body crumbles into a pile of gold.

..#..#...####..##...#............
..#.................#............
..#..............................
..#........#..8...8..#...........
..#........#..#...#..#...........
..#........#..#..○#..#......#####
..'........#..#.○.#..#......#....
#####+####.#..#.Ee#..#......#....
...........#..#.@.#E.#......#....
...........#..#E''#..#......#....
...........#..'P.8'..#......#....
...........#..'...'..#......#....
...........#..'$.:'..#......#....
.####'####.###########......#....
.#..........................#....
.#......[...#.............<.#....
.#..........#.......#.......#....


You could see a deep elf pyromancer and 2 fire elementals.

Vanquished Creatures
  Sigmund (D:2)
  Eustachio (D:4)
  A water moccasin (D:5)
  A black bear (D:6)
  An ice beast (D:6)
  2 ogres
  A centaur (D:5)
  2 phantoms (D:4)
  2 bullfrogs (D:6)
  A necrophage (D:5)
  4 scorpions
  4 hounds
  2 orc priests
  Natasha (thrice) (D:2)
  3 iguanas
  5 orc wizards
  Robin (D:3)
  A mummy (Ossuary)
  9 adders
  2 white imps
  3 ufetubi
  A worm (D:2)
  2 dart slugs (D:2)
  16 orcs
  6 ball pythons
  7 bats
  8 endoplasms
  4 giant cockroaches
  26 goblins
  6 hobgoblins
  6 jackals (D:1)
  5 quokkas
  6 frilled lizards
  9 gnoll skeletons (Ossuary)
  3 kobolds
  6 kobold skeletons (Ossuary)
  10 orc skeletons (Ossuary)
  4 rats
175 creatures vanquished.

Vanquished Creatures (others)
  27 plants (D:2)
27 creatures vanquished.

Grand Total: 202 creatures vanquished

Notes
Turn   | Place    | Note
-------+----------+-------------------------------------------
     0 | D:1      | mortz the Spriggan Enchanter began the quest for the Orb.
     0 | D:1      | Reached XP level 1. HP: 9/9 MP: 5/5
   211 | D:1      | Reached XP level 2. HP: 10/13 MP: 6/6
   680 | D:1      | Found a faded altar of an unknown god.
   702 | D:1      | Reached skill level 5 in Stealth
   831 | D:1      | Reached XP level 3. HP: 16/16 MP: 8/8
  1199 | D:2      | Learned a level 2 spell: Ensorcelled Hibernation
  1516 | D:2      | Noticed Sigmund
  1685 | D:2      | Reached XP level 4. HP: 21/21 MP: 9/9
  1764 | D:2      | Killed Sigmund
  1765 | D:2      | Reached skill level 1 in Fighting
  1765 | D:2      | Reached skill level 7 in Stealth
  1765 | D:2      | Reached XP level 5. HP: 25/25 MP: 5/10
  2167 | D:2      | Noticed Natasha
  2173 | D:2      | Killed Natasha
  2239 | D:2      | Reached XP level 6. HP: 23/30 MP: 8/11
  2914 | D:2      | Noticed Natasha
  2920 | D:2      | Killed Natasha
  3163 | D:2      | Noticed Natasha
  3172 | D:2      | Killed Natasha
  3591 | D:3      | Reached skill level 8 in Stealth
  3759 | D:3      | Found an iron altar of Okawaru.
  4096 | D:2      | Reached skill level 1 in Throwing
  4157 | D:3      | Noticed Robin
  4383 | D:3      | Identified the +1 ring mail of Whack-A-Mole {Fly rElec rF-
                  | Regen+}
  4424 | D:3      | Learned a level 3 spell: Confusing Touch
  4488 | D:3      | Killed Robin
  4653 | D:4      | Found an opulent altar of Gozag.
  4662 | D:4      | Became a worshipper of Gozag Ym Sagoz the Greedy
  4663 | D:4      | Noticed Eustachio
  4753 | D:4      | Reached skill level 1 in Ice Magic
  4753 | D:4      | Reached XP level 7. HP: 33/33 MP: 13/13
  4787 | D:4      | Identified the +5 ring mail of the Stonemason {rCorr MP+9
                  | Str+4}
  4794 | D:4      | Reached skill level 9 in Stealth
  5056 | D:4      | Found a sand-covered staircase.
  5060 | Ossuary  | Entered an ossuary
  5060 | Ossuary  | Noticed a wraith
  5060 | Ossuary  | Noticed a wraith
  5060 | Ossuary  | Noticed a wraith
  5248 | Ossuary  | Noticed a wraith
  5486 | D:4      | Learned a level 3 spell: Tukima's Dance
  5932 | D:4      | Reached skill level 10 in Stealth
  6151 | D:4      | Killed Eustachio
  6152 | D:4      | Reached skill level 5 in Hexes
  6152 | D:4      | Reached XP level 8. HP: 37/37 MP: 10/15
  6538 | D:4      | Found an opulent altar of Gozag.
  7119 | D:5      | Entered Level 5 of the Dungeon
  7228 | D:5      | Found Zenlis's Antique Armour Emporium.
  7316 | D:5      | Found a stormy altar of Qazlal.
  7316 | D:5      | Noticed an air elemental
  7321 | D:5      | Reached skill level 11 in Stealth
  7388 | D:5      | Reached skill level 5 in Spellcasting
  7557 | D:5      | Reached skill level 5 in Dodging
  7752 | D:6      | Identified the +7 spear of Qafas {vorpal, rElec Int+7
                  | Dex+2}
  8137 | D:6      | Reached XP level 9. HP: 41/41 MP: 19/19
  8149 | D:6      | Found a shimmering blue altar of Sif Muna.
  8157 | D:6      | Reached skill level 12 in Stealth
  8424 | D:6      | Noticed a deep elf pyromancer
  8600 | D:6      | Learned a level 3 spell: Dazzling Flash
  8680 | D:6      | Killed from afar by a deep elf pyromancer

Illustrated notes

Levels and vault maps discovered:
D:1:      onia_arrival_pentagram, layout_basic, ebering_ecumenical_altar_ruins,
          minmay_misc_feat_iff, corexii_hall_statues_l, minmay_split_cup_large
D:2:      wad_crossroads, layout_loops_corners, serial_bayou,
          serial_bayou_lake_a, serial_bayou_shore_a, serial_bayou_pond_c,
          serial_bayou_ford_a, serial_bayou_lagoon_a, serial_bayou_pond_a,
          serial_bayou_pond_a, minmay_tromino_v4_c, uniq_natasha, uniq_sigmund
D:3:      layout_rooms, kennysheep_okawaru_gauntlet, minmay_circle_x, uniq_robin
D:4:      layout_gridville, nicolae_gozag_seed_capital, enter_ossuary_5,
          uniq_eustachio
D:5:      layout_rooms, nicolae_qazlal_style_of_elements, serial_shops, shop
D:6:      layout_gridville, mainiacjoe_overflow_alcove_1, minmay_liquid_box,
          guppyfry_early_elven_hall

Skill      XL: |  1  2  3  4  5  6  7  8  9 |
---------------+----------------------------+-----
Hexes          | 4 5 |  5.8
Stealth        | 5 7 8 10 11 12 | 12.1
Short Blades   | 2 3 4 |  4.5
Fighting       | 1 |  1.5
Dodging        | 3 4 5 |  5.1
Spellcasting   | 3 4 6 |  6.2
Throwing       | 1 |  1.8
Ice Magic      | 1 2 |  2.8
Polearms       | |  0.1
Evocations     | |  0.3

Action                   |  1- 3 |  4- 6 |  7- 9 || total
-------------------------+-------+-------+-------++-------
Melee: Dagger            |   121 |   116 |   198 ||   435
       Punch             |     1 |     1 |     4 ||     6
       Spear             |       |       |    16 ||    16
Throw: Stone             |    10 |    18 |       ||    28
       Dart              |       |    10 |     5 ||    15
 Cast: Ensorcelled Hiber |       |    20 |    46 ||    66
       Confusing Touch   |       |     1 |     5 ||     6
       Dazzling Flash    |       |       |     2 ||     2
Evoke: Wand              |       |       |    13 ||    13
  Use: Scroll            |     3 |     3 |     7 ||    13
       Potion            |       |       |     2 ||     2
 Stab: Sleeping          |    15 |    21 |    47 ||    83
       Confused          |       |     1 |     6 ||     7
       Distracted        |       |     1 |       ||     1
Armor: Robe              |    10 |    17 |       ||    27
       Animal skin       |       |     3 |    38 ||    41
Dodge: Dodged            |    61 |    77 |   140 ||   278
